 Dungeon Crawl Stone Soup version 0.29-a0-620-g13ace881f2 (webtiles) character file.

Game seed: 9718797756814011462

68 Bruhh the Chopper (level 4, -6/28 HPs)
             Began as a Gargoyle Monk on June 18, 2022.
             Mangled by Grinder (8 damage)
             ... on level 3 of the Dungeon.
             The game lasted 00:02:56 (2647 turns).

Bruhh the Chopper (Gargoyle Monk)                   Turns: 2647, Time: 00:02:57

Health: -6/28      AC:  5    Str: 20    XL:     4   Next: 19%
Magic:  4/4        EV: 12    Int: 10    God:
Gold:   65         SH:  0    Dex: 11    Spells: 3/3 levels left

rFire   . . .      SeeInvis .   a - +0 hand axe
rCold   . . .      Faith    .   (no shield)
rNeg    + . .      Spirit   .   b - +0 robe
rPois   ∞          Reflect  .   (no helmet)
rElec   +          Harm     .   (no cloak)
rCorr   .          Rampage  .   (no gloves)
Will    .....      Rage     1%  (no boots)
Stlth   ++........              (no amulet)
HPRegen 0.09/turn               (no ring)
MPRegen 0.09/turn               (no ring)

@: mighty
A: sickness immunity, AC +3, negative energy resistance 1, electricity
resistance, torment resistance 1, petrification resistance, berserk 1, sense
surroundings 1, strong 1
a: no special abilities


You were on level 3 of the Dungeon.
You visited 1 branch of the dungeon, and saw 3 of its levels.

You collected 65 gold pieces.

Inventory:

Hand Weapons
 a - a +0 hand axe (weapon)
Armour
 b - a +0 robe (worn)
Jewellery
 d - an amulet of magic regeneration
Wands
 h - a wand of flame (6)
Scrolls
 f - a scroll of torment {unknown}
Potions
 c - a potion of ambrosia


   Skills:
 - Level 3.2 Fighting
 + Level 4.4 Axes
 - Level 2.4 Dodging
 - Level 2.1 Stealth


You had 3 spell levels left.
You didn't know any spells.
Your spell library contained the following spells:

 Spells                   Type           Power      Damage    Failure   Level
 Necrotize                Necr           0%         1d4       36%         1
 Summon Small Mammal      Summ           0%         N/A       36%         1
 Call Canine Familiar     Summ           0%         N/A       75%         3
 Summon Guardian Golem    Hex/Summ       0%         N/A       75%         3
 Vampiric Draining        Necr           0%         2d6       75%         3
 Agony                    Necr           0%         N/A       100%        5


Dungeon Overview and Level Annotations

Branches:
Dungeon (3/15)

Altars:

Annotations:
D:2 Sigmund
D:3 Grinder


Innate Abilities, Weirdness & Mutations

You are immune to sickness and miasma.
Your stone body is resilient. (AC +3)
You are immune to poison.
You resist negative energy. (rN+)
You are resistant to electric shocks. (rElec)
You are resistant to unholy torment.
You are immune to petrification.
You tend to lose your temper in combat.
You passively map a small area around you.
Your muscles are strong. (Str +4, Int/Dex-1)


Message History

Grinder blinks!
It was a potion of curing.
You feel better.
Grinder blinks!
Okay, then.
Grinder gestures at you. You resist with significant effort.
Grinder hits you but does no damage.
You hit Grinder.
Grinder is lightly wounded.
Grinder barely misses you.
Grinder blinks!
Grinder says, "Mostly I couldn't keep them alive."
Grinder hits you.
You hit Grinder.
Grinder is lightly wounded.
Grinder closely misses you.
You hit Grinder but do no damage.
Grinder is lightly wounded.
Grinder barely misses you.
You hit Grinder.
Grinder is moderately wounded.
Grinder hits you!
You writhe in agony.
You are too injured to fight recklessly!
You are too injured to fight recklessly!
You are too injured to fight recklessly!
You are too injured to fight recklessly!
You are too injured to fight recklessly!
It was a potion of mutation.
You feel extremely strange.
You feel stronger.
You feel a little pissed off.
You feel a strange attunement to the structure of the dungeons.
Grinder hits you.
You writhe in agony.
* * * LOW HITPOINT WARNING * * *
It was a potion of might.
You feel very mighty all of a sudden. Grinder gestures at you.
Pain shoots through your body!
* * * LOW HITPOINT WARNING * * *
Okay, then.
You barely miss Grinder.
Grinder is lightly wounded.
Grinder hits you!
You die...

#.# #.# #.# #.#
* * #+# #.# , ,
#.# ,, * ##*#.#
# * * ,
##.##.###.# , #
####.........#
,, +
+...............
# ,,
####..@......###
, #.5##.##....,
* #..*..# .####
#.. .## # #+#
#.. .* #.# #..,
, , * * #<# ###
** ##.##
##...######## *


You could see Grinder.

Vanquished Creatures
  2 adders
  3 dart slugs
  4 endoplasms
  4 giant cockroaches
  5 goblins
  5 hobgoblins
  4 jackals (D:1)
  2 quokkas
  3 ball pythons
  A bat (D:1)
  2 frilled lizards
  3 kobolds
  2 rats (D:1)
40 creatures vanquished.

Notes
Turn   | Place    | Note
-------+----------+-------------------------------------------
     0 | D:1      | Bruhh the Gargoyle Monk began the quest for the Orb.
     0 | D:1      | Reached XP level 1. HP: 14/14 MP: 1/1
   154 | D:1      | Reached skill level 3 in Axes
   427 | D:1      | Reached XP level 2. HP: 9/19 MP: 2/2
  1315 | D:1      | Reached XP level 3. HP: 23/23 MP: 3/3
  1837 | D:2      | Noticed Sigmund
  1943 | D:3      | Reached skill level 4 in Axes
  2296 | D:2      | Reached XP level 4. HP: 27/28 MP: 4/4
  2634 | D:3      | Noticed Grinder
  2645 | D:3      | Gained mutation: Your muscles are strong. (Str +4,
                  | Int/Dex-1) [potion of mutation]
  2645 | D:3      | Gained mutation: You tend to lose your temper in combat.
                  | [potion of mutation]
  2645 | D:3      | Gained mutation: You passively map a small area around you.
                  | [potion of mutation]
  2647 | D:3      | Mangled by Grinder

Illustrated notes

Levels and vault maps discovered:
D:1:      psy_arrival_fountain, layout_basic
D:2:      layout_basic, shapermc_ecumenical_altar_mp_vishouse,
          nicolae_concentric_dashed_squares_wild, grunt_ministairs_13, hex_tiny,
          uniq_sigmund, uniq_terence, uniq_crazy_yiuf_cottage, uniq_natasha
D:3:      layout_loops_corners, minivault_19, uniq_grinder

Skill      XL: |  1  2  3 |
---------------+----------+-----
Axes           | 3 4 |  4.4
Fighting       | |  3.2
Dodging        | |  2.4
Stealth        | |  2.1

Action                   |  1- 3 |  4- 6 || total
-------------------------+-------+-------++-------
Melee: Hand axe          |   129 |    23 ||   152
       Punch             |     2 |       ||     2
  Use: Potion            |       |     3 ||     3
 Stab: Sleeping          |     1 |       ||     1
Armor: Robe              |    43 |     7 ||    50
Dodge: Dodged            |    94 |     6 ||   100

Table legend: (Time is in decaauts)
 A = Elapsed time spent in this place.
 B = Non-inter-level travel time spent in this place.
 C = Inter-level travel time spent in this place.
 D = Time resting spent in this place.
 E = Time spent auto-exploring this place.
 F = Levels seen in this place.
 G = Mean time per level.
                   A        B        C        D        E       F      G
               +--------+--------+--------+--------+--------+-----+--------+
         Total |   2662 |   2623 |     39 |      0 |   2194 |   3 |  887.3 |
       Dungeon |   2662 |   2623 |     39 |      0 |   2194 |   3 |  887.3 |
               +--------+--------+--------+--------+--------+-----+--------+

Top non-repeatable levels by time:
     D:1: 1626 daAuts
     D:2: 669 daAuts
     D:3: 366 daAuts
